 Dungeon Crawl Stone Soup version 0.32-a0-918-g0f22ef8d61 (webtiles) character file.

Game seed: 3808305715381234725

116 smashvw the Poker (level 4, -2/42 HPs)
             Began as a Minotaur Berserker on Apr 11, 2024.
             Was a Believer of Trog.
             Killed by an exploding water moccasin (23 damage)
             ... ignited by their inner flame
             ... on level 5 of the Dungeon.
             The game lasted 00:05:17 (2159 turns).

smashvw the Poker (Minotaur Berserker)              Turns: 2159, Time: 00:05:17

Health: -2/42      AC: 11    Str: 24    XL:     4   Next: 70%
Magic:  0/3        EV:  6    Int:  4    God:    Trog [**....]
Gold:   109        SH:  0    Dex:  9    Spells: 3/3 levels left

rFire   . . .        a - +1 spear
rCold   . . .        (no shield)
rNeg    . . .        d - +0 plate armour
rPois   .            (helmet restricted)
rElec   .            (no cloak)
rCorr   .            (no gloves)
SInv    .            (no boots)
Will    .....        f - amulet of guardian spirit Stlth
                     (no ring)
HPRegen 0.27/turn    (no ring)
MPRegen 0.08/turn

%: guardian spirit
@: weak-willed
A: horns 2, retaliatory headbutt
a: Renounce Religion, Berserk, Trog's Hand


You were on level 5 of the Dungeon.
You worshipped Trog.
Trog was pleased with you.
You visited 1 branch of the dungeon, and saw 4 of its levels.

You collected 109 gold pieces.

Inventory:

Hand Weapons
 a - a +1 spear (weapon)
Armour
 d - a +0 plate armour (worn)
Jewellery
 f - an amulet of guardian spirit (around neck)
Wands
 k - a wand of flame (14)
Scrolls
 b - 3 scrolls of identify
 e - a scroll of enchant weapon
 h - 2 scrolls of silence
 i - 3 scrolls of vulnerability
Potions
 g - a potion of brilliance {unknown}


   Skills:
 - Level 5.0 Fighting
 + Level 5.7 Polearms
 - Level 2.4 Armour
 - Level 2.1 Dodging


You had 3 spell levels left.
You didn't know any spells.
Your spell library was empty.

Dungeon Overview and Level Annotations

Branches:
Dungeon (3/15)

Altars:

Shops:
D:5 :


Innate Abilities, Weirdness & Mutations

You have a pair of horns on your head.
You reflexively headbutt those who attack you in melee.


Message History

As you read the scroll labelled SUOHACEYPS, it crumbles to dust.
You feel strangely unstable.
It was a scroll of teleportation.
The yak gores you but does no damage. The yak gores you.
Found a stone staircase leading down.
The yak attacks as it pursues you! The yak gores you.
Your surroundings suddenly seem different.
An orc priest, a hound and a water moccasin come into view.
Found 2 scrolls of vulnerability.
Found Dus Anir's Book Shop.
The orc priest shouts!
The water moccasin hisses angrily.
You hear a shout!
An orc priest comes into view. It is wielding a +0 flail.
The water moccasin attacks as it pursues you!
The water moccasin bites you.
You see here 2 scrolls of vulnerability.
i - 3 scrolls of vulnerability (gained 2)
The water moccasin bites you but does no damage.
The orc priest calls down the wrath of Beogh upon you.
Beogh smites you!
The water moccasin bites you but does no damage.
As you read the scroll labelled NYCEYR AB XAXI, it crumbles to dust.
The creatures around you are filled with an inner flame!
It was a scroll of immolation.
The hound stops to sniff the ground.
The hound bites you but does no damage. The water moccasin bites you.
You hit the water moccasin.
Flame seeps out of the water moccasin. x2
You headbutt the water moccasin.
The water moccasin is moderately wounded.
The hound stops to sniff the ground.
The hound closely misses you.
The water moccasin is engulfed in blazing flames.
Flame seeps out of the water moccasin.
The water moccasin bites you. The hound barely misses you.
You furiously retaliate!
You headbutt the hound.
Flame seeps out of the hound.
You hit the water moccasin.
Flame seeps out of the water moccasin.
The water moccasin is severely wounded.
The water moccasin is engulfed in blazing flames.
Trog accepts your kill.
The water moccasin explodes!
The fiery explosion engulfs you!!
Ouch! That really hurt!
You die...

............#..
#...............##
..................
...##............
................ ..
.####.#..#......... ...!
#.##......#......... #.#.
......#.§h§......... ##..#
....#...@○##........
#...##....#.#.#§##........
#...#...###..##........##.
#......................#
.##......#.......##.##....#
.........##...... .. .....
..#......##..#... ..#
#......##...... ..
.##...Y.......#


You could see a hound (inner flame).

Vanquished Creatures
  A water moccasin (D:5)
  4 adders
  2 ufetubi (D:5)
  4 ribbon worms
  A dart slug (D:1)
  An orc (D:3)
  5 endoplasms
  3 giant cockroaches
  3 goblins
  5 hobgoblins
  3 jackals (D:1)
  3 kobolds
  3 quokkas
  6 ball pythons
  5 bats
  3 frilled lizards (D:1)
  4 rats
56 creatures vanquished.

Notes
Turn   | Place    | Note
-------+----------+-------------------------------------------
     0 | D:1      | smashvw the Minotaur Berserker began the quest for the Orb.
     0 | D:1      | Reached XP level 1. HP: 19/19 MP: 0/0
   110 | D:1      | Reached XP level 2. HP: 27/27 MP: 1/1
   211 | D:1      | Found a faded altar of an unknown god.
   336 | D:1      | Reached ** piety under Trog
   394 | D:1      | Reached XP level 3. HP: 33/34 MP: 2/2
  1698 | D:3      | Reached skill level 5 in Fighting
  1698 | D:3      | Reached skill level 5 in Polearms
  1698 | D:3      | Reached XP level 4. HP: 42/42 MP: 3/3
  2089 | D:3      | You fall into a shaft and drop 2 floors!
  2089 | D:5      | Entered Level 5 of the Dungeon
  2139 | D:5      | Noticed a yak
  2139 | D:5      | Noticed a yak
  2139 | D:5      | Noticed a yak
  2139 | D:5      | Noticed a yak
  2143 | D:5      | Noticed a yak
  2151 | D:5      | Found Dus Anir's Book Shop.
  2151 | D:5      | Noticed a water moccasin
  2159 | D:5      | Killed a water moccasin
  2159 | D:5      | Killed by an exploding water moccasin... ignited by their
                  | inner flame

Illustrated notes

Levels and vault maps discovered:
D:1:      minmay_arrival_hallway, layout_basic,
          hellmonk_ecumenical_altar_crossroads
D:2:      layout_basic, minmay_pentomino_t2
D:3:      layout_basic, st_stairs_1
D:5:      layout_cave_pools, serial_shops, nicolae_book_shop_shelving,
          nrook_campfire, uniq_eustachio

Skill      XL: |  1  2  3 |
---------------+----------+-----
Fighting       | 4 5 |  5.0
Polearms       | 4 5 |  5.7
Armour         | |  2.4
Dodging        | |  2.1

Action                     |  1- 3 |  4- 6 || total
---------------------------+-------+-------++-------
  Melee: Spear             |   102 |    54 ||   156
         Headbutt          |    15 |     6 ||    21
    Use: Scroll            |       |     5 ||     5
 Armour: Animal skin       |     2 |       ||     2
         Plate armour      |    37 |    50 ||    87
  Dodge: Dodged            |    20 |    17 ||    37

Table legend: (Time is in decaauts)
 A = Elapsed time spent in this place.
 B = Non-inter-level travel time spent in this place.
 C = Inter-level travel time spent in this place.
 D = Time resting spent in this place.
 E = Time spent auto-exploring this place.
 F = Levels seen in this place.
 G = Mean time per level.
                   A        B        C        D        E       F      G
               +--------+--------+--------+--------+--------+-----+--------+
         Total |   2137 |   2099 |     38 |      0 |   1768 |   4 |  534.2 |
       Dungeon |   2137 |   2099 |     38 |      0 |   1768 |   4 |  534.2 |
               +--------+--------+--------+--------+--------+-----+--------+

Top non-repeatable levels by time:
     D:1: 854 daAuts
     D:2: 777 daAuts
     D:3: 438 daAuts
     D:5: 67 daAuts
